 Dungeon Crawl Stone Soup version 0.21-a0-264-g3e31e41 (console) character file.

96 Mandevil the Sneak (level 4, -2/42 HPs)
             Began as a Naga Monk on Sept 8, 2017.
             Killed by divine providence
             ... invoked by an orc priest
              (10 damage)
             ... on level 3 of the Dungeon.
             The game lasted 00:04:30 (1962 turns).

Mandevil the Sneak (Naga Monk)                      Turns: 1962, Time: 00:04:39

Health: -2/42      AC: 10    Str: 14    XL:     4   Next: 67%
Magic:  4/4        EV: 11    Int: 11    God:
Gold:   85         SH:  0    Dex: 13    Spells: 3/3 levels left

rFire    + . .     SeeInvis +   a - +2 spear (freeze)
rCold    + . .     Gourm    .   (no shield)
rNeg     . . .     Faith    .   l - +0 ring mail
rPois    +         Spirit   .   w - +2 helmet
rElec    +         Reflect  .   o - +2 cloak
rCorr    +         Harm     .   k - +0 pair of gloves
MR       .....                  (no barding)
Stlth    ++........             (no amulet)
HPRegen  0.14/turn              j - +2 ring of evasion
MPRegen  0.09/turn              (no ring)

@: resistant, very slow
A: see invisible, deformed body, poison resistance, slowness 2, slow metabolism
1, spit poison 1, AC +1
a: Spit Poison


You were on level 3 of the Dungeon.
You were not hungry.

You visited 1 branch of the dungeon, and saw 3 of its levels.

You collected 85 gold pieces.

Inventory:

Hand Weapons
 a - a +2 spear of freezing (weapon)
 b - a +2 dagger of venom
 u - a +0 spear
Missiles
 e - 13 arrows
 g - 19 bolts
 s - 34 stones (quivered)
Armour
 k - a +0 pair of gloves (worn)
 l - a +0 ring mail (worn)
 o - a +2 cloak (worn)
 w - a +2 helmet (worn)
Jewellery
 j - a +2 ring of evasion (left hand)
Scrolls
 f - a scroll of magic mapping {unknown}
 m - 3 scrolls of identify {unknown}
 n - a scroll of immolation {unknown}
 p - a scroll of enchant weapon {unknown}
 q - a scroll of remove curse {unknown}
 r - a scroll of fog {unknown}
Comestibles
 c - a bread ration
 h - a meat ration
 t - a royal jelly
 v - 3 chunks of flesh


   Skills:
 - Level 3.0 Fighting
 + Level 4.1 Polearms
 - Level 2.4 Dodging
 + Level 5.8 Stealth


You had 3 spell levels left.
You didn't know any spells.

Dungeon Overview and Level Annotations

Branches:
Dungeon (3/15)

Altars:
Dithmenos
Okawaru
Uskayaw
Xom

Annotations:
D:3 exclusions: goblin, hobgoblin and 1 more exclusion, Robin


Innate Abilities, Weirdness & Mutations

You cannot wear boots.
Your serpentine skin is tough. (AC +1)
You have supernaturally acute eyesight. (SInv)
Armour fits poorly on your strangely shaped body.
Your system is resistant to poisons. (rPois)
You cover ground very slowly.
You have a slow metabolism.
You can spit poison.


Message History

The orc priest hits you but does no damage.
The orc barely misses you. The orc closely misses you.
You hit the orc priest but do no damage.
The orc priest is almost dead.
The orc priest closely misses you. The orc barely misses you.
The orc hits you with a hand axe.
It was a potion of magic.
Magic courses through your body. The orc hits you but does no damage. x2
The orc priest hits you with a flail of protection.
* * * LOW HITPOINT WARNING * * *
It was a potion of resistance.
You feel protected. The orc hits you but does no damage.
You completely miss the orc priest.
The orc priest is almost dead.
The orc hits you with a mace.
* * * LOW HITPOINT WARNING * * *
The orc priest invokes the aid of Beogh against you.
Beogh smites you!
You die...

######.. #_# #.....#
##.# ##+#.....# ##...
#...)....# #..#.
#........# #.###
#.##..%..%..# #.#
#.......[...# ####.#
.#.###.#oo...#####)'..#
........NoO..)...<.##.#
#
#.####.###'#########.#
#......# #.# #.#
######## #.# #.. #.#
##. .l# #. ##o _


You could see an ogre, an orc priest and 2 orcs.

Vanquished Creatures
  A gnoll (D:1)
  5 adders
  A dart slug (D:1)
  2 leopard geckos (D:2)
  An orc (D:3)
  A ball python (D:1)
  A goblin (D:3)
  4 hobgoblins
  3 jackals (D:2)
  4 kobolds
  A quokka (D:2)
  7 bats
  4 frilled lizards
  6 rats
41 creatures vanquished.

Notes
Turn   | Place    | Note
-------+----------+-------------------------------------------
     0 | D:1      | Mandevil the Naga Monk began the quest for the Orb.
     0 | D:1      | Reached XP level 1. HP: 21/21 MP: 1/1
   164 | D:1      | Reached XP level 2. HP: 28/28 MP: 2/2
   312 | D:1      | Reached skill level 4 in Stealth
   422 | D:1      | Reached XP level 3. HP: 29/34 MP: 3/3
  1214 | D:2      | Reached skill level 5 in Stealth
  1459 | D:2      | Reached XP level 4. HP: 42/42 MP: 4/4
  1478 | D:2      | Found an iron altar of Okawaru.
  1854 | D:3      | Found a shimmering altar of Xom.
  1854 | D:3      | Found a shadowy altar of Dithmenos.
  1859 | D:3      | Found a hide-covered altar of Uskayaw.
  1859 | D:3      | Noticed Robin
  1958 | D:3      | Noticed an ogre
  1962 | D:3      | Killed from afar by an orc priest

Vault maps used:
D:1:      dpeg_arrival_renting, minmay_misc_feat_rows
D:2:      lemuel_doored_altar, kennysheep_generic_room_7
D:3:      chequers_temple_overflow_minitemple, uniq_robin

Skill      XL: |  1  2  3  4 |
---------------+-------------+-----
Stealth        | 4 5 |  5.8
Polearms       | 4 |  4.1
Fighting       | |  3.0
Dodging        | |  2.4

Action                   |  1- 3 |  4- 6 || total
-------------------------+-------+-------++-------
Melee: Spear             |    93 |    42 ||   135
       Dagger            |    12 |       ||    12
Throw: Stone             |     2 |       ||     2
 Abil: Spit Poison       |     3 |     3 ||     6
  Use: Scroll            |     1 |       ||     1
       Potion            |       |     2 ||     2
 Stab: Sleeping          |     9 |     1 ||    10
  Eat: Chunk             |     1 |     2 ||     3
Armor: Robe              |     5 |       ||     5
       Ring mail         |    18 |    16 ||    34
Dodge: Dodged            |    42 |    25 ||    67

Table legend:
 A = Spawn XP
 B = Non-spawn XP
 C = Spawn XP percentage of total XP
 D = Spawn monster count
 E = Non-spawn monster count
 F = Spawn count percentage of total count
 G = Total turns spent on level
                    A         B        C        D         E        F      G
               +---------+---------+-------+---------+---------+-------+---------
         Total |       0 |     138 |   0.0 |       0 |      41 |   0.0 |  1962
               +---------+---------+-------+---------+---------+-------+---------
           D:1 |       0 |      36 |   0.0 |       0 |      16 |   0.0 |   739
           D:2 |       0 |      82 |   0.0 |       0 |      20 |   0.0 |  1111
           D:3 |       0 |      20 |   0.0 |       0 |       5 |   0.0 |   112
               +---------+---------+-------+---------+---------+-------+---------
